 Dungeon Crawl Stone Soup version 0.18.1-48-g4cf74bf (webtiles) character file.

4308 rjaguar3 the Fighter (level 10, -12/141 HPs)
             Began as a Minotaur Berserker on July 2, 2016.
             Was a High Priest of Trog.
             Mangled by a troll (17 damage)
             ... on level 9 of the Dungeon.
             The game lasted 00:21:12 (7455 turns).

rjaguar3 the Fighter (Minotaur Berserker)           Turns: 7455, Time: 00:21:12

Health: -12/141    AC:  7    Str: 28    XL:     10   Next: 11%
Magic:  9/9        EV: 15    Int:  4    God:    Trog [*****.]
Gold:   531        SH:  0    Dex: 12    Spells: 0 memorised, 9 levels left

rFire  . . .     SeeInvis .     B - +2 hand axe (freeze)
rCold  . . .     Gourm    .     M - +2 robe {MR+}
rNeg   . . .     Faith    .     (no shield)
rPois  .         Spirit   .     (helmet restricted)
rElec  .         Dismiss  .     (no cloak)
rCorr  .         Reflect  .     J - +1 pair of gloves {archery}
SustAt .         Harm     +     (no boots)
MR     +....                    H - amulet of harm
Stlth  ..........               (no ring)
                                (no ring)

@: berserking, very quick, somewhat resistant to hostile enchantments, extremely
unstealthy
A: retaliatory headbutt, horns 2
a: Berserk, Trog's Hand, Brothers in Arms, Burn Spellbooks, Renounce Religion


You were on level 9 of the Dungeon.
You worshipped Trog.
Trog was extremely pleased with you.
You were hungry.

You visited 1 branch of the dungeon, and saw 9 of its levels.

You collected 531 gold pieces.

Inventory:

Hand Weapons
 a - a +0 mace
 e - a +2 dagger of holy wrath
 r - a +0 blowgun
 t - a +1 dagger of electrocution
 B - a +2 hand axe of freezing (weapon)
 C - a +0 hunting sling
Missiles
 s - 31 poisoned needles
 E - 2 needles of sleeping
Armour
 z - a +1 chain mail of poison resistance
 J - a +1 pair of gloves of archery (worn)
 M - a +2 robe of magic resistance (worn)
Jewellery
 H - an amulet of harm (around neck)
Wands
 j - a wand of iceblast (10/15)
 k - a wand of polymorph (16/24)
 y - a wand of random effects (33/48)
 N - a wand of flame (8/48)
Scrolls
 f - 3 scrolls of remove curse {unknown}
 l - a scroll of immolation {unknown}
 p - 2 scrolls of recharging {unknown}
 w - 2 scrolls of fog {unknown}
 A - 2 scrolls of identify {unknown}
 D - 5 scrolls of teleportation
 F - a scroll of fear {unknown}
Potions
 b - a potion of cure mutation {unknown}
 d - 2 potions of flight {unknown}
 g - 4 potions of degeneration {unknown}
 i - 3 potions of curing {unknown}
 m - a potion of cancellation {unknown}
 n - a potion of magic {unknown}
 o - a potion of agility {unknown}
 q - a potion of heal wounds {unknown}
 u - a potion of ambrosia {unknown}
 v - 2 potions of lignification {unknown}
 G - a potion of beneficial mutation {unknown}
Comestibles
 c - 7 bread rations
 h - 4 meat rations
 x - 2 beef jerkies
 I - a royal jelly
 K - 7 chunks of flesh
 L - 24 fruits


   Skills:
 * Level 10.5 Fighting
 + Level 3.2 Short Blades
 + Level 6.1(6.8) Axes
 + Level 4.3(5.9) Maces & Flails
 + Level 8.7 Armour
 + Level 7.6 Dodging
 + Level 2.7 Stealth


You had 9 spell levels left.
You didn't know any spells.

Dungeon Overview and Level Annotations

Branches:
Dungeon (9/15)             Temple (0/1) D:6
   Lair: D:8-11         Orc: D:9-12

Altars:
Elyvilon
Kikubaaqudgha
Makhleb
Nemelex Xobeh
Qazlal
Vehumet
Xom

Annotations:
D:3 exclusion: downstairs
D:4 exclusion: downstairs


Innate Abilities, Weirdness & Mutations

You reflexively headbutt those who attack you in melee.
You have a pair of horns on your head.


Message History

You closely miss the troll. The troll misses you. The troll claws you!
The troll claws you.
You hit the troll. You freeze the troll.
The troll is lightly wounded.
The troll bites you. The troll barely misses you. The troll claws you!
* * * LOW HITPOINT WARNING * * *
A red film seems to cover your vision as you go berserk!
You feel yourself moving faster!
You feel mighty!
You are feeling hungry.
The troll bites you!
* * * LOW HITPOINT WARNING * * *
The troll claws you.
* * * LOW HITPOINT WARNING * * *
The troll claws you!
* * * LOW HITPOINT WARNING * * *
You closely miss the troll. You slash the troll! You freeze the troll.
The troll is moderately wounded.
The troll bites you!
You die...

.. ############
..##..........#
YY##..........#
#Y##..........#
#.##..........#
#.##..........#
#.##...@......######
#..'....T..........####
#..#..................#
#..#......###########.#
....#####...#
......#..# ...(##
#....# #..## ......#
##..### #####..#
......# ##....#.#....##
......# ### .#......#


You could see a troll.

Vanquished Creatures
  Pikel (D:8)
  The ghost of kirsanium the Chucker, an amateur OgHu (D:4)
  4 yaks (D:9)
  A water moccasin (D:8)
  An orc warrior (D:8)
  3 phantoms
  2 slaves (D:8)
  A necrophage (D:8)
  An ogre (D:6)
  2 ice beasts
  4 centaurs
  A big kobold (D:8)
  8 giant frogs
  A jelly (D:8)
  6 crimson imps
  A centaur zombie (D:6)
  3 hounds
  7 orc priests
  5 orc wizards
  A centaur skeleton (D:8)
  A giant frog skeleton (D:5)
  3 iguanas
  3 worker ants
  3 gnolls (D:7)
  6 river rats (D:5)
  11 adders
  A shadow imp (D:7)
  4 oozes
  2 adder zombies (D:6)
  An adder skeleton (D:4)
  3 worms
  A dart slug (D:1)
  2 giant geckos
  19 orcs
  2 ball pythons
  5 giant cockroaches
  9 hobgoblins
  7 jackals
  8 kobolds
  4 quokkas
  2 bats
  3 giant gecko skeletons
  A giant gecko zombie (D:8)
  3 giant newts (D:3)
  7 goblins
  2 jackal skeletons
  32 rats
199 creatures vanquished.

Vanquished Creatures (others)
  An orc (D:8)
1 creature vanquished.

Grand Total: 200 creatures vanquished

Notes
Turn   | Place    | Note
--------------------------------------------------------------
     0 | D:1      | rjaguar3 the Minotaur Berserker began the quest for the Orb.
     0 | D:1      | Reached XP level 1. HP: 19/19 MP: 0/0
   225 | D:1      | Reached XP level 2. HP: 25/27 MP: 1/1
   254 | D:1      | Reached skill level 4 in Fighting
   997 | D:2      | Reached XP level 3. HP: 34/34 MP: 2/2
  1110 | D:2      | Reached ** piety under Trog
  1579 | D:2      | Reached XP level 4. HP: 40/41 MP: 3/3
  1755 | D:3      | Reached skill level 5 in Fighting
  2070 | D:3      | Reached XP level 5. HP: 48/48 MP: 4/4
  2623 | D:3      | Reached *** piety under Trog
  2680 | D:3      | Reached skill level 1 in Stealth
  2821 | D:4      | Reached skill level 1 in Short Blades
  2854 | D:4      | Noticed kirsanium's ghost (amateur OgHu)
  3036 | D:4      | Reached XP level 6. HP: 57/57 MP: 5/5
  3210 | D:4      | Killed kirsanium's ghost
  3210 | D:4      | Reached skill level 6 in Fighting
  3210 | D:4      | Reached skill level 5 in Dodging
  3210 | D:4      | Reached XP level 7. HP: 64/64 MP: 6/6
  3373 | D:5      | Entered Level 5 of the Dungeon
  3745 | D:5      | Received a gift from Trog
  3747 | D:5      | Reached skill level 7 in Fighting
  4064 | D:5      | Reached XP level 8. HP: 67/73 MP: 7/7
  4454 | D:5      | Reached **** piety under Trog
  4663 | D:5      | Reached skill level 1 in Axes
  4977 | D:6      | Reached skill level 5 in Armour
  5067 | D:6      | Reached skill level 8 in Fighting
  5135 | D:6      | Found a staircase to the Ecumenical Temple.
  5250 | D:6      | Found a stormy altar of Qazlal.
  5338 | D:6      | Found a burning altar of Makhleb.
  5343 | D:6      | Found a white marble altar of Elyvilon.
  5344 | D:6      | Found a shimmering altar of Xom.
  5344 | D:6      | Found a sparkling altar of Nemelex Xobeh.
  5348 | D:6      | Found a radiant altar of Vehumet.
  5788 | D:7      | Reached XP level 9. HP: 60/82 MP: 8/8
  5901 | D:7      | Found an ancient bone altar of Kikubaaqudgha.
  6278 | D:8      | Reached skill level 9 in Fighting
  6601 | D:8      | Noticed Pikel
  6608 | D:8      | Killed Pikel
  6608 | D:8      | Reached skill level 5 in Axes
  6760 | D:8      | Reached skill level 10 in Fighting
  7262 | D:9      | Reached ***** piety under Trog
  7262 | D:9      | Reached XP level 10. HP: 62/94 MP: 9/9
  7453 | D:9      | HP: 4/141 [troll (13)]
  7455 | D:9      | Mangled by a troll

Skill      XL: |  1  2  3  4  5  6  7  8  9 10 |
---------------+-------------------------------+-----
Fighting       | 4 5 6 7 8 10 | 10.5
Maces & Flails | 4 |  4.3
Dodging        | 3 4 5 6 7 |  7.6
Stealth        | 1 2 |  2.7
Short Blades   | 1 3 |  3.2
Armour         | 3 6 8 |  8.7
Axes           | 3 5 6 |  6.1

Action                   |  1- 3 |  4- 6 |  7- 9 | 10-12 || total
-------------------------+-------+-------+-------+-------++-------
Melee: Mace              |    12 |       |       |       ||    12
       Headbutt          |     8 |    22 |    60 |       ||    90
       Dagger            |    71 |   133 |     6 |       ||   210
       Hand axe          |       |       |   283 |    11 ||   294
Invok: Berserk           |       |     1 |     6 |     2 ||     9
       Trog's Hand       |       |     1 |       |       ||     1
       Burn Spellbooks   |       |       |     1 |       ||     1
  Use: Scroll            |       |       |     1 |       ||     1
 Stab: Sleeping          |     1 |     1 |       |       ||     2
  Eat: Chunk             |     2 |     5 |    20 |     2 ||    29
Armor: Animal skin       |    11 |    11 |       |       ||    22
       Chain mail        |       |     8 |   133 |       ||   141
       Robe              |       |       |     5 |     1 ||     6
Dodge: Dodged            |    42 |    63 |   136 |     7 ||   248
